Unix NetHack Version 3.7.0-102 Work-in-progress - last build Apr 6 2024 13:22:21 (d302a6a9ff6341f1a922d8f5af178406b35fdf99,branch:master). Game began 2024-05-01 11:26:18, ended 2024-05-02 13:36:52. radiology, chaotic male elven Wizard ---- ---- |..-- ---- ---..| |...| |..--- |....| -.-- --....| |....--- --.---.....| -....| |.......- |....-- ----- --- |.......| |.....| |...| |.. --......--- |....-- |...-------|.----- --- |-.......| |....| --.........--.|...---.--.. -- |........-- --...-- |.....----..............- ---.---- --........-------....| --.|(--- |..............-- ......| ---.........--......| |..---- --..............-- -....---- |..^..............| |[.|u.| |................| -......| ---.....--........| --.|-%| |................--- --......---- |....-------....|---.||.----................)----.........*| |^.......--|...--|...||..--|......---..........%...........---- |.........---..---...||-..||.....-- --........................-- --......|.......)%%..||...----..-- |..........--....---......| |......|----.-----..|--...| |..| --...|..-------.-- ---.>.-- ---.---- --- ---- |..-- ---- |..----- --- ----- --- ---- ---- Radiology the Thaumaturge St:8 Dx:11 Co:15 In:20 Wi:15 Ch:9 Chaotic S:4465 Dlvl:7 $:767 HP:0(49) Pw:76(93) AC:6 Xp:7/685 T:6266 Stun Latest messages: You kill the brown pudding! You kill the brown pudding! Welcome to experience level 7. You see here a small glob of brown pudding. You kill the brown pudding! You see here a small glob of brown pudding. There is a small glob of brown pudding here; eat it? [ynq] (n) You have a very bad case of stomach acid. You finish eating the small glob of brown pudding. Your health currently feels amplified! The bat misses! The bat bites! You hit the bat. The bat bites! The bat bites! You miss the bat. The bat misses! You kill the bat! You see here a bat corpse. There is a bat corpse here; eat it? [ynq] (n) This bat corpse is fatty. You finish eating the bat corpse. You stop waiting. What do you want to throw? [$yA or ?*] In what direction? The horse kicks! The horse bites! The horse kicks! The horse bites! The horse kicks! The horse bites! Pick an object. The horse kicks! The horse bites! The horse kicks! The horse bites! You are too impaired to cast a spell. You hit the horse. The horse kicks! The horse bites! What do you want to zap? [cptuTVW or ?*] In what direction? The magic missile bounces! The magic missile hits you! Wizard, your life force is running out. The magic missile bounces! The magic missile hits you! You die... Do you want your possessions identified? [ynq] (y) Do you want to see your attributes? [ynq] (y) Inventory: Coins $ - 767 gold pieces Weapons A - 2 +1 daggers v - a +0 dagger (weapon in right hand) y - 3 +2 orcish daggers Armor d - an uncursed +0 helmet (being worn) m - an uncursed very rotted +0 pair of leather gloves (being worn) z - an uncursed +0 pair of iron shoes (being worn) H - a blessed very rotted +1 dwarvish cloak (being worn) Comestibles J - an uncursed tin of smoked large kobold meat Scrolls G - an uncursed scroll of create monster S - 2 cursed scrolls of enchant armor C - an uncursed scroll of enchant weapon q - a cursed scroll of fire i - an uncursed scroll of genocide L - 2 uncursed scrolls of teleportation Potions h - 6 uncursed potions of water Rings e - an uncursed ring of fire resistance X - an uncursed ring of invisibility Wands V - a cursed wand of digging (0:0) u - a wand of light (0:14) c - a wand of lightning (0:4) p - a wand of magic missile (0:5) T - a wand of speed monster (0:2) t - a wand of striking (0:5) W - a wand of striking (0:3) Tools o - an uncursed leather drum n - a magic marker (0:19) r - an uncursed mirror O - a cursed oil lamp Y - an uncursed skeleton key K - an uncursed tin opener a - an uncursed tin whistle s - an uncursed towel Radiology the Wizard's attributes: Background: You were a Thaumaturge, a level 7 male elven Wizard. You were chaotic, on a mission for Anhur who was opposed by Ptah (lawful) and Thoth (neutral). You were right-handed. You were in the Gnomish Mines, on level 7. You entered the dungeon 6266 turns ago. You had 685 experience points, 595 more were needed to attain level 8. Your score was 4465 before end-of-game adjustments. Basics: You had 0 out of 49 hit points. You had 76 out of 93 energy points (spell power). Your armor class was 6. Your wallet contained 767 zorkmids. Autopickup was on for '$?!/(' plus thrown, with exceptions. Final Characteristics: Your strength was 8 (peak:11, limit:18). Your dexterity was 11 (peak:12, limit:18). Your constitution was 15 (limit:16). Your intelligence was 20 (limit:20). Your wisdom was 15 (peak:16, limit:20). Your charisma was 9 (limit:18). Final Status: You were stunned. You weren't hungry. You were unencumbered. You were wielding a dagger. You were skilled in dagger. Final Attributes: You were piously aligned. Your items were somewhat protected from fire. Your items were somewhat protected from cold. You were sleep resistant. You were shock resistant. You were poison resistant. You had infravision. You were warded. You were unlucky. Anhur was angry with you. You are dead. Miscellaneous: You encountered 1 bones level. Total elapsed playing time was 1 hour, 46 minutes and 28 seconds. Major events: Turn 1: radiology the chaotic male elven Wizard entered the dungeon 1337: entered the Gnomish Mines 2498: attained the rank of Conjurer (level 3) 4942: attained the rank of Thaumaturge (level 6) 5152: reached Mine Town 6266: killed by a magic missile zapped by himself Vanquished creatures: a ghost a large cat 2 watchmen a giant beetle a black light a vampire bat 5 brown puddings 2 werewolves a housecat a dust vortex a raven 3 snakes a wood nymph a mountain nymph 8 Mordor orcs a rock piercer a yellow light 2 shriekers 7 gnome leaders 2 gnomish wizards a black naga hatchling a ghoul 3 giant ants a floating eye 2 kittens 5 dwarves a kobold leader 2 hill orcs a giant bat an orc zombie a dwarf zombie 4 iguanas 5 killer bees 4 acid blobs 4 coyotes 2 gas spores a hobbit 3 manes 3 giant rats a cave spider 4 green molds 2 red molds 22 gnomes 6 garter snakes 5 geckos 10 jackals 3 foxes a kobold 2 goblins 6 sewer rats 3 grid bugs 3 bats 6 lichens 2 kobold zombies 10 newts 174 creatures vanquished. No species were genocided or became extinct. Voluntary challenges: You read items or engraved 25 times. You never engraved Elbereth. You never genocided any monsters. You never polymorphed an object. You used no wishes. Achievements: You entered a shop. You entered the Gnomish Mines. You attained the rank of Conjurer. You attained the rank of Thaumaturge. You entered Minetown. You entered a temple. The Dungeons of Doom: levels 1 to 8 Level 1: A grave. Level 2: Level 3: Some fountains. Level 4: An altar to Anhur. Stairs down to The Gnomish Mines. Level 5: Many altars. Level 6: A grave. Level 7: Many fountains. Level 8: The Gnomish Mines: levels 5 to 8 Level 5: Level 6: A grave. Final resting place for xororand-Pri-Hum-Mal-Neu, killed by a giant beetle. Level 7: <- You were here. Final resting place for you, killed by a magic missile zapped by yourself. Level 8: A temple and an altar to Anhur, some fountains. Game over: ---------- / \ / REST \ / IN \ / PEACE \ / \ | radiology | | 767 Au | | killed by a | | magic missile | | zapped by | | himself | | 2024 | *| * * * | * _________)/\\_//(\/(/\)/\//\/|_)_______ Goodbye radiology the Wizard... You died in The Gnomish Mines on dungeon level 7 with 4389 points, and 767 pieces of gold, after 6266 moves. You were level 7 with a maximum of 49 hit points when you died.